 Dungeon Crawl Stone Soup version 0.21-a0-271-ge7f0487 (webtiles) character file.

1538 Chiseanne the Ruffian (level 8, -4/79 HPs)
             Began as a Troll Wanderer on Sept 15, 2017.
             Was a Believer of Wu Jian.
             Slain by a wight
             ... wielding a +0 halberd
              (14 damage)
             ... on level 6 of the Dungeon.
             The game lasted 00:11:22 (5042 turns).

Chiseanne the Ruffian (Troll Wanderer)              Turns: 5042, Time: 00:11:22

Health: -4/79      AC:  7    Str: 21    XL:     8   Next: 56%
Magic:  8/8        EV: 12    Int:  7    God:    Wu Jian [**....]
Gold:   255        SH:  0    Dex: 17    Spells: 9/9 levels left

rFire    . . .     SeeInvis .     - Unarmed
rCold    . . .     Gourm    +   (no shield)
rNeg     . . .     Faith    .   a - +2 robe
rPois    .         Spirit   .   (helmet restricted)
rElec    .         Reflect  .   (no cloak)
rCorr    .         Harm     .   (gloves unavailable)
MR       .....                  (boots unavailable)
Stlth    ++........             (no amulet)
HPRegen  0.63/turn              A - +5 ring of dexterity
MPRegen  0.11/turn              (no ring)

@: heavily drained
A: unfitting armour, claws 3, fast metabolism 3, gourmand, regeneration 1,
shaggy fur 1, tough skin 2
a: Renounce Religion


You were on level 6 of the Dungeon.
You worshipped Wu Jian.
Wu Jian was pleased with you.
You were very full.

You visited 1 branch of the dungeon, and saw 6 of its levels.
You also visited: Ossuary.

You collected 255 gold pieces.

Inventory:

Hand Weapons
 e - a +1 mace of holy wrath
 p - a cursed +0 giant spiked club
 v - a +2 short sword of speed
 C - a +1 dagger of venom
 G - a +0 flail of protection
Missiles
 g - 189 stones (quivered)
 i - 79 sling bullets
 j - 99 arrows
 l - 17 tomahawks
 n - 15 poisoned needles
Armour
 a - a +2 robe (worn)
Jewellery
 h - an uncursed ring of fire
 A - a +5 ring of dexterity (left claw)
Scrolls
 c - a scroll of magic mapping
 d - a scroll of remove curse
 m - 2 scrolls of recharging
 u - 2 scrolls of enchant armour
 y - a scroll of enchant weapon
 E - a scroll of identify
Potions
 b - 7 potions of curing
 k - a potion of heal wounds {unknown}
 q - a potion of mutation
 r - 5 potions of haste
 s - a potion of resistance {unknown}
 w - 2 potions of agility {unknown}
 z - a potion of magic {unknown}
 B - a potion of degeneration {unknown}
 D - a potion of ambrosia {unknown}
 F - a potion of brilliance {unknown}
Comestibles
 f - 6 bread rations
 o - 3 meat rations
 t - 9 fruits
 x - 5 royal jellies


   Skills:
 * Level 4.8(3.3) Fighting
   Level 1.0(0.0) Crossbows
 * Level 3.4(2.0) Throwing
 * Level 5.0(3.5) Dodging
 - Level 1.0(0.0) Stealth
 * Level 5.4(3.9) Unarmed Combat
 - Level 1.2(0.0) Spellcasting
   Level 1.3(0.1) Transmutations
   Level 1.0(0.0) Poison Magic
   Level 1.0(0.0) Evocations


You had 9 spell levels left.
You didn't know any spells.

Dungeon Overview and Level Annotations

Branches:
Dungeon (6/15)             Temple (0/1) D:5

Altars:
Elyvilon
Nemelex Xobeh
Okawaru
Ru
Wu Jian
Zin

Shops:
D:4 }(=}


Innate Abilities, Weirdness & Mutations

You are too large for most types of armour.
You have claws for hands.
Your metabolism is lightning-fast.
You like to eat raw meat.
Your natural rate of healing is unusually fast.
You are covered in fur. (AC +1)
You have very tough skin. (AC +2)


Message History

f - 6 bread rations (gained 1)
You scratch the wight.
The wight is severely damaged.
You scratch the wight but do no damage.
The wight is severely damaged.
The wight barely misses you.
You scratch the wight.
The wight is severely damaged.
The wight hits you with a halberd.
* * * LOW HITPOINT WARNING * * *
You feel drained.
* * * LOW HITPOINT WARNING * * *
You completely miss the wight.
The wight is severely damaged.
The wight hits you from afar with an enchanted spear.
* * * LOW HITPOINT WARNING * * *
You feel drained.
* * * LOW HITPOINT WARNING * * *
The wight hits you with a halberd!
You die...

..... .# ...## #..#
..# #..# ### ..#
#..# #.....# ###..#
#.#<.. #.#### ....%#
#... ......
#...###.# #######
#.....@.# #...<..
##..####z# #.#####
#..)z.z.z#
#####.####
#...######
#........# #...#
#.###.##.# #...# #.#
#.##.# #.#######.#.#
#.# #.# #.##.#
#........###.#####.#
#.# #.##.##
######.## ##...##.#
#.# #.##.#.


You could see 2 wights.

Vanquished Creatures
  Grinder (D:5)
  A sky beast (D:5)
  A phantom (D:4)
  2 ogres
  A centaur (D:6)
  A scorpion (D:6)
  2 wights (D:6)
  A crimson imp (D:5)
  A bullfrog skeleton (D:4)
  2 hounds
  An orc priest (D:5)
  6 orc wizards
  Jessica (D:2)
  Natasha (twice) (D:2)
  3 worker ants
  A killer bee zombie (D:5)
  A big kobold zombie (Ossuary)
  A hound zombie (D:6)
  2 mummies (Ossuary)
  10 adders
  2 oozes
  2 worms
  A dart slug (D:4)
  3 leopard geckos
  19 orcs
  A ball python (D:3)
  5 bats
  4 giant cockroaches
  2 goblins (D:1)
  6 hobgoblins
  7 jackals (D:1)
  6 kobolds
  3 quokkas
  5 frilled lizards
  3 goblin zombies
  10 hobgoblin zombies (Ossuary)
  4 jackal zombies
  13 kobold zombies (Ossuary)
  6 orc zombies (Ossuary)
  6 rats
  2 rat zombies (Ossuary)
151 creatures vanquished.

Notes
Turn   | Place    | Note
-------+----------+-------------------------------------------
     0 | D:1      | Chiseanne the Troll Wanderer began the quest for the Orb.
     0 | D:1      | Chiseanne set off with: a +2 robe, a potion of curing, the Disquisition on Malediction, a +0 club, 2 bread rations
     0 | D:1      | Reached XP level 1. HP: 16/16 MP: 1/1
     2 | D:1      | Identified the Disquisition on Malediction
   323 | D:1      | Reached XP level 2. HP: 22/26 MP: 2/2
   375 | D:1      | Reached skill level 1 in Fighting
   386 | D:1      | Reached skill level 1 in Unarmed Combat
   604 | D:1      | Reached XP level 3. HP: 30/33 MP: 3/3
  1054 | D:2      | Noticed Jessica
  1059 | D:2      | Noticed Natasha
  1060 | D:2      | Killed Jessica
  1075 | D:2      | Killed Natasha
  1075 | D:2      | Reached XP level 4. HP: 21/42 MP: 4/4
  1262 | D:2      | Found a glowing silver altar of Zin.
  1263 | D:2      | Noticed an angel
  1835 | D:2      | Noticed Natasha
  1847 | D:2      | Killed Natasha
  2010 | D:3      | Reached XP level 5. HP: 47/49 MP: 5/5
  2398 | D:3      | Found an ornate altar of the Wu Jian Council.
  2407 | D:3      | Became a worshipper of the Wu Jian Council
  2631 | D:4      | Found a sand-covered staircase.
  2650 | Ossuary  | Entered an ossuary
  2734 | Ossuary  | Reached XP level 6. HP: 58/59 MP: 6/6
  2782 | Ossuary  | Reached * piety under Wu Jian
  3026 | D:4      | Found a white marble altar of Elyvilon.
  3048 | D:4      | Found Pucyhy's Antique Weapon Boutique.
  3056 | D:4      | Reached ** piety under Wu Jian
  3141 | D:4      | Reached XP level 7. HP: 50/67 MP: 7/7
  3148 | D:4      | Found an iron altar of Okawaru.
  3187 | D:4      | Found Joguxkec's Gadget Shoppe.
  3236 | D:4      | Found Vopton's Gadget Shoppe.
  3289 | D:4      | Found Zaotuirph's Jewellery Shop.
  3630 | D:5      | Entered Level 5 of the Dungeon
  3635 | D:5      | Found a staircase to the Ecumenical Temple.
  3643 | D:5      | Reached skill level 1 in Throwing
  3687 | D:5      | Noticed Grinder
  3694 | D:5      | Paralysed by Grinder for 5 turns
  3709 | D:5      | Killed Grinder
  3856 | D:5      | Found the +3 warlock's mirror {reflect}
  3878 | D:5      | Found a sacrificial altar of Ru.
  4279 | D:5      | Reached XP level 8. HP: 75/78 MP: 8/8
  4644 | D:6      | Reached skill level 5 in Unarmed Combat
  4752 | D:6      | Found a sparkling altar of Nemelex Xobeh.
  5037 | D:6      | Reached skill level 5 in Dodging
  5042 | D:6      | Slain by a wight

Vault maps used:
D:1:      nicolae_arrival_somewhat_less_tricky_arrival
D:2:      zin_angel, minmay_misc_feat_cross, nrook_mini_vaults, uniq_jessica,
          uniq_natasha
D:3:      nicolae_overflow_crystal_walls, first_bread
D:4:      okawaru_trees_1, lemuel_doored_altar, serial_shops, shop,
          nicolae_shop_crystal, shop, nicolae_shop_trees, enter_ossuary_3,
          minivault_19
D:5:      hangedman_ru_absence, minmay_temple_entry_hall, uniq_grinder
D:6:      old_standard_altar
Ossuary:  ossuary_tomb_1

Skill      XL: |  1  2  3  4  5  6  7  8 |
---------------+-------------------------+-----
Fighting       | 1 2 3 4 |  4.8
Unarmed Combat | 1 2 3 4 5 |  5.4
Dodging        | 2 3 4 5 |  5.0
Throwing       | 2 3 |  3.4
Crossbows      | |  1.0
Stealth        | |  1.0
Spellcasting   | |  1.2
Transmutations | |  1.3
Poison Magic   | |  1.0
Evocations     | |  1.0

Action                   |  1- 3 |  4- 6 |  7- 9 || total
-------------------------+-------+-------+-------++-------
Melee: Unarmed           |   106 |   249 |   145 ||   500
       Punch             |       |       |     6 ||     6
  Use: Scroll            |       |    12 |     3 ||    15
       Potion            |       |       |     1 ||     1
 Stab: Sleeping          |       |     2 |     1 ||     3
  Eat: Chunk             |    14 |    21 |    16 ||    51
Armor: Robe              |    60 |    91 |    32 ||   183
Dodge: Dodged            |    76 |   130 |    90 ||   296

Table legend:
 A = Spawn XP
 B = Non-spawn XP
 C = Spawn XP percentage of total XP
 D = Spawn monster count
 E = Non-spawn monster count
 F = Spawn count percentage of total count
 G = Total turns spent on level
                    A         B        C        D         E        F      G
               +---------+---------+-------+---------+---------+-------+---------
         Total |       0 |    2198 |   0.0 |       0 |     151 |   0.0 |  5042
               +---------+---------+-------+---------+---------+-------+---------
           D:1 |       0 |      48 |   0.0 |       0 |      22 |   0.0 |   962
           D:2 |       0 |     138 |   0.0 |       0 |       9 |   0.0 |  1022
           D:3 |       0 |     135 |   0.0 |       0 |      30 |   0.0 |   577
           D:4 |       0 |     413 |   0.0 |       0 |      25 |   0.0 |   790
           D:5 |       0 |     840 |   0.0 |       0 |      15 |   0.0 |   972
           D:6 |       0 |     525 |   0.0 |       0 |      11 |   0.0 |   440
       Ossuary |       0 |      99 |   0.0 |       0 |      39 |   0.0 |   279
               +---------+---------+-------+---------+---------+-------+---------
